 Dungeon Crawl Stone Soup version bcrawl-1.12-11-gb93c957c58 (webtiles) character file.

Game seed: 16002779627999970757

109 bezhaha the Shooter (level 4, -3/28 HPs)
             Began as an Octopode Arcane Marksman on July 7, 2019.
             Slain by a gnoll
             ... wielding a +0 whip
              (5 damage)
             ... on level 3 of the Dungeon.
             The game lasted 00:07:00 (2206 turns).

bezhaha the Shooter (Octopode Arcane Marksman)      Turns: 2206, Time: 00:07:01

Health: -3/28      AC:  1    Str:  9    XL:     4   Next: 90%
Magic:  7/7        EV: 13    Int: 20    God:
Gold:   145        SH:  0    Dex: 13    Spells: 6/7 levels left

rFire    . . .     SeeInvis .   a - +0 shortbow
rCold    . . .     Gourm    .   (shield currently unavailable)
rNeg     . . .     Faith    .   (helmet restricted)
rPois    .         Spirit   .   (cloak restricted)
rElec    .         Reflect  .   (no amulet)
rCorr    +         Harm     .   k - ring of resist corrosion
MR       .....                  (no ring)
Stlth    ++........             (no ring)
HPRegen  0.09/turn              (no ring)
MPRegen  0.10/turn              (no ring)
                                (no ring)
                                (no ring)
                                (no ring)

@: brilliant, about to teleport, flying
A: almost no armour, stealthy swim, amphibious, 8 rings, constrict 8, camouflage
1, gelatinous body 1
a: no special abilities


You were on level 3 of the Dungeon.
You were not hungry.

You visited 1 branch of the dungeon, and saw 3 of its levels.

You collected 145 gold pieces.

Inventory:

Hand Weapons
 a - a +0 shortbow (weapon)
 q - a +2 flail of draining
Missiles
 c - 17 curare-tipped needles
 d - 86 arrows (quivered)
Jewellery
 k - a ring of resist corrosion (left tentacle)
Scrolls
 j - 3 scrolls of teleportation
 m - a scroll of identify
 n - a scroll of immolation
Potions
 e - a potion of flight
Comestibles
 f - 3 rations {!d}
 p - 5 chunks of flesh


   Skills:
 - Level 1.0 Fighting
 + Level 4.9 Bows
 - Level 2.0 Dodging
 - Level 2.0 Spellcasting
 - Level 3.0 Hexes


You had 6 spell levels left.
You knew the following spells:

 Your Spells              Type           Power        Failure   Level  Hunger
a - Corona                Hex            ####...      1%          1    #......

Your spell library contained the following spells:

 Spells                   Type           Power        Failure   Level  Hunger
 Shackle                  Hex            ####....     1%          2    ##.....
 False Image              Hex/Summ       ###.....     3%          3    ###....
 Inner Flame              Hex/Fire       N/A          3%          3    ###....
 Cause Fear               Hex            ####......   5%          4    #####..
 Yara's Violent Unravell  Hex/Tmut       ###.......   10%         4    #####..


Dungeon Overview and Level Annotations

Branches:
Dungeon (3/12)

Altars:
Ru


Innate Abilities, Weirdness & Mutations

You cannot wear most types of armour.
You are very stealthy in the water. (Stealth+)
You are amphibious.
You can wear up to eight rings at the same time.
You can use your tentacles to constrict eight enemies at once.
Your skin changes colour to match your surroundings (Stealth+).
Your rubbery body absorbs attacks. (AC +1, EV +1)


Message History

Your +1 flail of draining glows red for a moment.
The gnoll barely misses you. The giant cockroach misses you.
The gnoll barely misses you.
As you read the scroll labeled QIOHEOVUANU, it crumbles to dust.
It is a scroll of identify.
n - a scroll of immolation The giant cockroach bites you but does no damage.
The gnoll hits you with a +0 whip.
* * * LOW HITPOINT WARNING * * *
The gnoll closely misses you. The giant cockroach closely misses you.
As you read the scroll labeled TEFOIM INACLOSUQE, it crumbles to dust.
It is a scroll of enchant armour.
You aren't carrying any armour which can be enchanted further.
The gnoll closely misses you. The giant cockroach barely misses you.
The gnoll hits you from afar with a +0 spear.
* * * LOW HITPOINT WARNING * * *
As you read the scroll labeled QOESAH ITEH, it crumbles to dust.
You feel strangely unstable.
It was a scroll of teleportation.
The gnoll hits you with a +0 whip.
You die...

..>.......................
....############.#.#############
.......รท........................
....####......[....#####.######
########.#########.#####.########
#<..# #.....)..........# #####
#.#.#####.)......#
#s#....##.)......#
#@#..#.##........#
#g####.##........#
#.g.........###### ######......#
#..)...# #...<..# #...g..#
#......# #......#


You could see 2 gnolls and a giant cockroach.

Vanquished Creatures
  A gnoll (D:3)
  2 adders (D:3)
  An ooze (D:2)
  3 worms (D:2)
  3 dart slugs
  3 leopard geckos
  2 orcs (D:3)
  4 giant cockroaches
  5 goblins
  3 hobgoblins
  8 jackals
  4 kobolds
  A quokka (D:2)
  A ball python (D:1)
  6 bats
  3 frilled lizards
  5 rats
55 creatures vanquished.

Notes
Turn   | Place    | Note
-------+----------+-------------------------------------------
     0 | D:1      | bezhaha the Octopode Arcane Marksman began the quest for
                  | the Orb.
     0 | D:1      | Reached XP level 1. HP: 13/13 MP: 3/3
   166 | D:1      | Reached XP level 2. HP: 18/18 MP: 5/5
   240 | D:1      | Reached skill level 3 in Bows
   819 | D:2      | Reached XP level 3. HP: 23/23 MP: 6/6
   968 | D:2      | Found a sacrificial altar of Ru.
  1318 | D:2      | Reached skill level 4 in Bows
  1345 | D:2      | Reached XP level 4. HP: 26/28 MP: 7/7
  2206 | D:3      | Slain by a gnoll

Skill      XL: |  1  2  3 |
---------------+----------+-----
Bows           | 3 4 |  4.9
Fighting       | |  1.0
Dodging        | |  2.0
Spellcasting   | |  2.0
Hexes          | |  3.0

Action                   |  1- 3 |  4- 6 || total
-------------------------+-------+-------++-------
Melee: Dagger            |       |    12 ||    12
       Constrict         |       |     3 ||     3
       Tentacles         |       |     3 ||     3
 Fire: Shortbow          |   114 |    40 ||   154
 Cast: Corona            |     1 |       ||     1
  Use: Scroll            |       |     4 ||     4
       Potion            |       |     3 ||     3
 Stab: Sleeping          |       |     1 ||     1
  Eat: Chunk             |     1 |     3 ||     4
Armor: Skin              |       |     4 ||     4
Dodge: Dodged            |    21 |    35 ||    56
